 Dungeon Crawl Stone Soup version 0.20.0-15-g7f486f2 (webtiles) character file.

58 Naow the Chopper (level 4, -5/35 HPs)
             Began as a Formicid Monk on June 10, 2017.
             Killed from afar by Sigmund (8 damage)
             ... with a puff of flame
             ... on level 2 of the Dungeon.
             The game lasted 00:02:22 (1299 turns).

Naow the Chopper (Formicid Monk)                    Turns: 1299, Time: 00:02:22

Health: -5/35      AC:  5    Str: 17    XL:     4   Next: 20%
Magic:  4/4        EV: 11    Int:  9    God:
Gold:   52         SH:  0    Dex: 13    Spells: 3/3 levels left

rFire    . . .     SeeInvis +   a - +0 hand axe
rCold    . . .     Gourm    .   (no shield)
rNeg     . . .     Faith    .   e - +0 ring mail
rPois    .         Spirit   .   (helmet unavailable)
rElec    .         Reflect  .   (no cloak)
rCorr    .         Harm     .   (no gloves)
MR       .....                  (no boots)
Stlth    ..........             (no amulet)
Regen    0.2/turn               i - ring of loudness (curse)
MPRegen  0.1/turn               m - ring of flight

@: confused
A: permanent stasis, dig shafts and tunnels, four strong arms, antennae 3
a: Dig, Shaft Self, Evoke Flight


You were on level 2 of the Dungeon.
You were not hungry.

You visited 1 branch of the dungeon, and saw 2 of its levels.

You collected 52 gold pieces.

Inventory:

Hand Weapons
 a - a +0 hand axe (weapon)
Armour
 b - a +0 robe
 e - a +0 ring mail (worn)
Jewellery
 i - a cursed ring of loudness (left hand)
 m - a ring of flight (right hand)
Scrolls
 d - 4 scrolls of identify {unknown}
 h - a scroll of fear {unknown}
 j - a scroll of remove curse {unknown}
 l - a scroll of magic mapping {unknown}
Potions
 k - a potion of mutation {unknown}
Comestibles
 c - a bread ration
 f - 2 royal jellies
 g - 7 chunks of flesh


   Skills:
 - Level 3.2 Fighting
 + Level 4.7 Axes
 - Level 2.6 Dodging
 - Level 2.4 Stealth


You had 3 spell levels left.
You didn't know any spells.

Dungeon Overview and Level Annotations

Branches:
Dungeon (2/15)

Altars:

Annotations:
D:2 Sigmund


Innate Abilities, Weirdness & Mutations

You cannot be hasted, slowed, berserked, paralysed or teleported.
You can dig through walls and to a lower floor.
Your four strong arms can wield two-handed weapons with a shield.
You have a pair of large antennae on your head. (SInv)


Message History

Sigmund is heavily wounded.
You hit Sigmund but do no damage.
Sigmund is heavily wounded.
Sigmund barely misses you.
You hit Sigmund.
Sigmund is severely wounded.
Sigmund hits you with a scythe!
* * * LOW HITPOINT WARNING * * *
You closely miss Sigmund.
Sigmund is severely wounded.
Sigmund barely misses you.
You barely miss Sigmund.
Sigmund is severely wounded.
You hit Sigmund but do no damage.
Sigmund is severely wounded.
Sigmund points at you and mumbles some strange words.
You are confused.
Sigmund points at you and mumbles some strange words.
The puff of flame hits you!
You die...

#.... .... .. .... #...
... #..# ...# ...
#..##.#.# # ... #
##.......##. .
#.##.......... #
#....)@..##.# #.
#.....$@##..# #.
....##†..#..###### ##. .
#.............# ##..
#.#.##.#......# #...
........#......## #.##
.......#.........####.#.
........##....###......#.
....... ##...#####......
...... #..........#...


You could see Sigmund (invisible).

Vanquished Creatures
  An adder (D:2)
  An ooze (D:1)
  A dart slug (D:1)
  4 leopard geckos (D:1)
  2 ball pythons
  7 bats
  A giant cockroach (D:1)
  4 goblins
  3 hobgoblins
  2 jackals (D:1)
  2 frilled lizards (D:1)
  8 kobolds
  A rat (D:2)
37 creatures vanquished.

Notes
Turn   | Place    | Note
-------+----------+-------------------------------------------
     0 | D:1      | Naow the Formicid Monk began the quest for the Orb.
     0 | D:1      | Reached XP level 1. HP: 18/18 MP: 1/1
    34 | D:1      | Reached XP level 2. HP: 5/24 MP: 2/2
   570 | D:1      | Reached skill level 4 in Axes
   570 | D:1      | Reached XP level 3. HP: 24/29 MP: 3/3
  1170 | D:2      | Reached XP level 4. HP: 35/35 MP: 4/4
  1278 | D:2      | Noticed Sigmund
  1299 | D:2      | Killed from afar by Sigmund

Skill      XL: |  1  2 |
---------------+-------+-----
Axes           | 4 |  4.7
Fighting       | |  3.2
Dodging        | |  2.6
Stealth        | |  2.4

Action                   |  1- 3 |  4- 6 || total
-------------------------+-------+-------++-------
Melee: Hand axe          |    99 |    24 ||   123
 Abil: Dig               |     1 |       ||     1
 Stab: Sleeping          |     1 |       ||     1
  Eat: Chunk             |     1 |       ||     1
Armor: Robe              |     2 |       ||     2
       Ring mail         |    38 |     2 ||    40
Dodge: Dodged            |    64 |    12 ||    76
